 Dungeon Crawl Stone Soup version 0.29.1-2-gbd0b4ee654 (webtiles) character file.

Game seed: 603714455355348128

206 safid the Shooter (level 5, -13/48 HPs)
             Began as a Minotaur Hunter on Nov 3, 2022.
             Mangled by an ogre
             ... wielding a +0 giant club
              (17 damage)
             ... on level 4 of the Dungeon.
             The game lasted 00:03:46 (2496 turns).

safid the Shooter (Minotaur Hunter)                 Turns: 2496, Time: 00:03:46

Health: -13/48     AC:  4    Str: 15    XL:     5   Next: 53%
Magic:  4/4        EV: 12    Int:  6    God:
Gold:   185        SH:  0    Dex: 16    Spells: 4/4 levels left

rFire   . . .      SeeInvis .   a - +0 shortbow
rCold   + . .      Faith    .   (shield currently unavailable)
rNeg    . . .      Spirit   .   c - +0 leather armour
rPois   .          Reflect  .   (helmet restricted)
rElec   .          Harm     .   (no cloak)
rCorr   .          Rampage  .   h - +0 pair of gloves
Will    .....                   (no boots)
Stlth   +.........              (no amulet)
HPRegen 0.16/turn               p - ring of protection from cold
MPRegen 0.09/turn               (no ring)

@: no status effects
A: horns 2, retaliatory headbutt
a: no special abilities


You were on level 4 of the Dungeon.
You visited 1 branch of the dungeon, and saw 4 of its levels.

You collected 185 gold pieces.

Inventory:

Hand Weapons
 a - a +0 shortbow (weapon)
Armour
 c - a +0 leather armour (worn)
 h - a +0 pair of gloves (worn)
Jewellery
 p - a ring of protection from cold (left hand)
Scrolls
 b - a scroll of immolation
 d - 3 scrolls of vulnerability {unknown}
 e - 8 scrolls of identify {unknown}
 f - 2 scrolls of fear {unknown}
 j - a scroll of enchant armour {unknown}
 k - a scroll of noise {unknown}
 l - 4 scrolls of poison {unknown}
 m - 4 scrolls of magic mapping {unknown}
 n - a scroll of amnesia {unknown}
 o - a scroll of butterflies {unknown}
Potions
 g - 2 potions of heal wounds {unknown}
 i - a potion of ambrosia {unknown}


   Skills:
 + Level 5.2 Fighting
 + Level 6.2 Ranged Weapons
 - Level 2.1 Dodging
 - Level 0.7 Stealth


You had 4 spell levels left.
You didn't know any spells.
Your spell library contained the following spells:

 Spells                   Type           Power      Damage    Failure   Level
 Call Canine Familiar     Summ           0%         N/A       88%         3
 Portal Projectile        Hex/Tloc       0%         N/A       88%         3
 Leda's Liquefaction      Hex/Erth       0%         N/A       99%         4


Dungeon Overview and Level Annotations

Branches:
Dungeon (4/15)
 Temple: D:4-7

Altars:
Zin


Innate Abilities, Weirdness & Mutations

You have a pair of horns on your head.
You reflexively headbutt those who attack you in melee.


Message History

No target in view!
No target in view!
No target in view!
You see here a hound corpse.
Things that are here:
a +0 club; a +2 sling of flaming; a goblin corpse You now have 185 gold pieces (gained 11).
A quokka comes into view.
Found a book of Spatial Translocations.
You shoot an arrow. The arrow hits the quokka!
You kill the quokka!
You hear a shout!
An ogre comes into view. It is wielding a +0 giant club.
You hear a shout!
You shoot an arrow. The arrow barely misses the ogre.
You shoot an arrow. The arrow barely misses the ogre.
The ogre hits you with a +0 giant club!!
You shoot an arrow.
The arrow hits the ogre but does no damage.
The ogre barely misses you. You furiously retaliate!
You headbutt the ogre! You shoot an arrow. The arrow hits the ogre!
The ogre is severely wounded.
The ogre hits you with a +0 giant club!!
Ouch! That really hurt!
* * * LOW HITPOINT WARNING * * *
You are too injured to fight recklessly!
Fire: a) +0 shortbow
Press: ? - help, Q - select action Shift-Dir - straight line, f/p - ogre
Aim: an ogre, wielding a +0 giant club (severely wounded, 78% to hit)
You shoot an arrow.
The arrow hits the ogre but does no damage.
The ogre is severely wounded.
Fire: a) +0 shortbow
Press: ? - help, Q - select action Shift-Dir - straight line, f/p - ogre
Aim: an ogre, wielding a +0 giant club (severely wounded, 78% to hit)
You shoot an arrow.
The arrow hits the ogre but does no damage.
The ogre is severely wounded.
The ogre hits you with a +0 giant club!
You die...

#.##...#.#
#.†...##.#
##.......#
#.....#######
#..).†.......
###........##
#..........#
#......###.#
#....### #@#
#....# #O#
#.... #..
##### #...
#.... #....:
#†.....
....##..


You could see an ogre.

Vanquished Creatures
  An orc priest (D:3)
  A hound (D:4)
  An orc wizard (D:3)
  3 adders
  A worm (D:3)
  3 dart slugs
  11 orcs (D:3)
  3 bats (D:2)
  6 endoplasms
  5 giant cockroaches
  8 goblins
  5 hobgoblins
  3 jackals (D:2)
  5 quokkas
  5 ball pythons
  3 frilled lizards
  2 kobolds (D:3)
  4 rats (D:2)
70 creatures vanquished.

Notes
Turn   | Place    | Note
-------+----------+-------------------------------------------
     0 | D:1      | safid the Minotaur Hunter began the quest for the Orb.
     0 | D:1      | Reached XP level 1. HP: 18/18 MP: 0/0
   229 | D:1      | Reached XP level 2. HP: 25/25 MP: 1/1
   283 | D:1      | You fall into a shaft and drop 1 floor!
   407 | D:2      | Reached skill level 5 in Ranged Weapons
   407 | D:2      | Reached XP level 3. HP: 10/31 MP: 2/2
  1171 | D:3      | Reached XP level 4. HP: 40/40 MP: 3/3
  1230 | D:3      | Identified the +0 leather armour of the Elephant {-Tele
                  | Will++ Str+4}
  1247 | D:3      | Found a glowing silver altar of Zin.
  1964 | D:3      | Reached XP level 5. HP: 14/47 MP: 4/4
  1967 | D:3      | Reached skill level 6 in Ranged Weapons
  2430 | D:4      | Reached skill level 5 in Fighting
  2490 | D:4      | Noticed an ogre
  2496 | D:4      | Mangled by an ogre

Illustrated notes

Levels and vault maps discovered:
D:1:      dpeg_arrival_boxorama, layout_basic,
          dreamdust_ecumenical_altar_statues
D:2:      layout_rooms, kennysheep_generic_room_6
D:3:      layout_basic, zin_academy
D:4:      layout_basic, gammafunk_temple_overflow_elements, uniq_pikel

Skill      XL: |  1  2  3  4  5 |
---------------+----------------+-----
Fighting       | 3 4 5 |  5.2
Ranged Weapons | 5 6 |  6.2
Dodging        | |  2.1
Stealth        | |  0.7

Action                   |  1- 3 |  4- 6 || total
-------------------------+-------+-------++-------
 Fire: Shortbow          |    82 |   106 ||   188
Armor: Leather armour    |     8 |    15 ||    23
Dodge: Dodged            |    29 |    23 ||    52
